 Dungeon Crawl Stone Soup version 0.23-a0-338-g8ff0b24 (webtiles) character file.

81 MisterFreud the Sneak (level 4, 0/19 HPs)
             Began as a Felid Artificer on Oct 18, 2018.
             Slain by a worker ant (8 damage)
             ... on level 5 of the Dungeon.
             The game lasted 00:10:17 (3977 turns).

MisterFreud the Sneak (Felid Artificer)             Turns: 3977, Time: 00:10:17

Health: 0/19       AC:  1    Str:  6    XL:     4   Next: 19%
Magic:  7/7        EV: 18    Int: 12    God:
Gold:   165        SH:  0    Dex: 17    Spells: 3/3 levels left
                                        Lives:  0   Deaths: 1

rFire    . . .     SeeInvis +     - Unarmed
rCold    . . .     Gourm    .   (shield unavailable)
rNeg     . . .     Faith    .   (armour unavailable)
rPois    .         Spirit   .   (helmet unavailable)
rElec    .         Reflect  .   (cloak unavailable)
rCorr    .         Harm     .   (gloves unavailable)
MR       .....                  (boots unavailable)
Stlth    +++++.....             j - amulet of regeneration
HPRegen  0.46/turn              f - ring of stealth
MPRegen  0.10/turn              q - -3 ring of strength (curse)

@: quick
A: very small, no armour, no weapons or thrown items, stealth, claws 1, fangs 3,
see invisible, carnivore, speed 1, shaggy fur 1, slow metabolism 1, sharp paws
a: no special abilities


You were on level 5 of the Dungeon.
You were full.

You visited 1 branch of the dungeon, and saw 5 of its levels.

You collected 165 gold pieces.

Inventory:

Jewellery
 f - a ring of stealth (left paw)
 j - an amulet of regeneration (around neck)
 q - a cursed -3 ring of strength (right paw)
Wands
 a - a wand of flame (8)
 b - a wand of enslavement (15)
 c - a wand of random effects (11)
Scrolls
 e - a scroll of magic mapping
 g - a scroll of identify
 h - a scroll of fear {unknown}
 k - 2 scrolls of teleportation
 n - a scroll of fog {unknown}
Potions
 i - a potion of brilliance
 l - a potion of might
 m - 3 potions of agility
 o - a potion of magic
 p - a potion of resistance
Comestibles
 d - 6 rations


   Skills:
 - Level 1.0 Fighting
 - Level 2.6 Dodging
 - Level 6.0 Stealth
 + Level 2.9 Unarmed Combat
 - Level 3.2 Evocations


You had 3 spell levels left.
You didn't know any spells.
Your spell library was empty.

Dungeon Overview and Level Annotations

Branches:
Dungeon (5/15)
 Temple: D:4-7

Altars:
Ashenzari
Cheibriados
Makhleb
Uskayaw
Wu Jian

Annotations:
D:4 Eustachio


Innate Abilities, Weirdness & Mutations

You cannot wear armour.
You are incapable of wielding weapons or throwing items.
Your paws allow you to move quietly. (Stealth)
You have sharp claws.
You have razor-sharp teeth.
You have supernaturally acute eyesight. (SInv)
You are carnivorous and can eat meat at any time.
You cover ground quickly.
You are covered in fur. (AC +1)
You have a slow metabolism.
Your sharp claws are effective at attacking unaware monsters.


Message History

The worker ant is lightly wounded.
The worker ant bites you.
You scratch the worker ant but do no damage.
You claw the worker ant, but do no damage.
You bite the worker ant.
The worker ant is moderately wounded.
The worker ant misses you. x2
You scratch the worker ant but do no damage.
The worker ant is moderately wounded.
The worker ant barely misses you.
You scratch the worker ant. Your bite misses the worker ant.
The worker ant is heavily wounded.
The worker ant bites you!
You closely miss the worker ant.
The worker ant is heavily wounded.
The worker ant closely misses you.
You scratch the worker ant but do no damage.
The worker ant is heavily wounded.
The worker ant bites you!
You die...

.... . ..... .. .....#
#... #.##.##.########.####
................... #
......##........#
#.###.>.......@a....+
....................######
#.....................#
#.........#####.#####.#
#.........#⌠≈≈###≈≈⌠#.#
#......#..#≈≈≈≈≈≈≈≈≈#.#
####.##'#....#≈≈≈#≈#≈≈≈#.#
..(.. #.####.##≈##.##≈##.#
.... #.# #..#≈#._.#≈#..#


You could see a worker ant.

Vanquished Creatures
  4 gnolls (D:3)
  2 adders
  An adder zombie (D:5)
  3 worms
  A dart slug (D:1)
  2 leopard geckos (D:3)
  6 orcs
  5 giant cockroaches
  4 goblins
  11 hobgoblins
  4 jackals (D:5)
  6 kobolds
  3 quokkas
  2 ball pythons (D:2)
  8 bats
  6 frilled lizards
  9 rats
77 creatures vanquished.

Notes
Turn   | Place    | Note
-------+----------+-------------------------------------------
     0 | D:1      | MisterFreud the Felid Artificer began the quest for the
                  | Orb.
     0 | D:1      | Reached XP level 1. HP: 9/9 MP: 4/4
    53 | D:1      | Reached skill level 2 in Stealth
   166 | D:1      | Found a shattered altar of Ashenzari.
   217 | D:1      | Reached skill level 3 in Stealth
   323 | D:1      | Reached XP level 2. HP: 12/12 MP: 5/5
  1403 | D:2      | Reached skill level 4 in Stealth
  1537 | D:2      | Reached XP level 3. HP: 15/15 MP: 6/6
  1798 | D:2      | Reached skill level 5 in Stealth
  2223 | D:3      | Found an ornate altar of the Wu Jian Council.
  2250 | D:3      | Reached XP level 4. HP: 19/19 MP: 7/7
  2353 | D:3      | Reached skill level 6 in Stealth
  3421 | D:3      | Reached XP level 5. HP: 22/22 MP: 8/8
  3597 | D:4      | Noticed Eustachio
  3701 | D:4      | Noticed an ogre
  3724 | D:5      | Entered Level 5 of the Dungeon
  3809 | D:5      | Found a hide-covered altar of Uskayaw.
  3810 | D:5      | Found a burning altar of Makhleb.
  3824 | D:5      | HP: 1/22 [orc priest/+0 dagger (1)]
  3825 | D:5      | Slain by an orc priest
  3826 | D:5      | Reached XP level 4. HP: -2/19 MP: 7/7
  3891 | D:5      | Found a snail-covered altar of Cheibriados.
  3947 | D:5      | Noticed a sky beast
  3977 | D:5      | Slain by a worker ant

Vault maps used:
D:1:      tarquinn_simple_flora_water_e, serial_glass, glass_columns_a,
          glass_columns_b, glass_columns_a, glass_columns_a, item_on_display_a,
          feat_on_display, chequers_serial_rivers_micro_a, chequers_big_river,
          nicolae_ashenzari_panopticon
D:3:      lemuel_doored_altar, serial_rivers, chequers_serial_rivers_room_b,
          chequers_serial_rivers_small_3, chequers_serial_rivers_micro_a,
          chequers_serial_rivers_room_b, chequers_serial_rivers_room_a,
          first_ration
D:4:      minmay_misc_feat_diagonals, uniq_pikel, uniq_eustachio
D:5:      cheibrodos_worm_habitat, chequers_temple_overflow_statue_of_worship,
          basic_altar, hangedman_decor_lopped

Skill      XL: |  1  2  3  4 |
---------------+-------------+-----
Stealth        | 3 4 5 6 |  6.0
Unarmed Combat | 2 |  2.9
Fighting       | |  1.0
Dodging        | |  2.6
Evocations     | |  3.2

Action                   |  1- 3 |  4- 6 || total
-------------------------+-------+-------++-------
Melee: Unarmed           |   157 |   138 ||   295
       Bite              |    13 |    13 ||    26
       Punch             |       |     1 ||     1
Evoke: Wand              |     1 |    10 ||    11
  Use: Scroll            |     4 |     4 ||     8
 Stab: Sleeping          |    13 |     2 ||    15
       Confused          |     2 |       ||     2
       Distracted        |       |     1 ||     1
  Eat: Chunk             |    10 |     5 ||    15
Armor: Skin              |    12 |     5 ||    17
Dodge: Dodged            |   123 |    87 ||   210

Table legend:
 A = Non-vault XP
 B = Vault XP
 C = Vault XP percentage of total XP
 D = Non-vault monster count
 E = Vault monster count
 F = Vault count percentage of total count
                 A         B        C        D         E       F
            +---------+---------+-------+---------+---------+-------
      Total |     217 |       5 |   2.3 |      76 |       1 |   1.3
            +---------+---------+-------+---------+---------+-------
        D:1 |      22 |       0 |   0.0 |      14 |       0 |   0.0
        D:2 |      52 |       0 |   0.0 |      23 |       0 |   0.0
        D:3 |     122 |       0 |   0.0 |      31 |       0 |   0.0
        D:4 |       3 |       0 |   0.0 |       1 |       0 |   0.0
        D:5 |      18 |       5 |  21.7 |       7 |       1 |  12.5
            +---------+---------+-------+---------+---------+-------
